 Dungeon Crawl Stone Soup version 0.29.0-4-gdea44cf6ec (webtiles) character file.

Game seed: 12195137516867641690

40 qw the Chopper (level 3, -11/21 HPs)
             Began as a Tengu Warper on Aug 28, 2022.
             Mangled by Terence
             ... wielding a +0 flail of protection
              (12 damage)
             ... on level 2 of the Dungeon.
             The game lasted 00:00:06 (1417 turns).

qw the Chopper (Tengu Warper)                       Turns: 1417, Time: 00:00:07

Health: -11/21     AC:  4    Str: 13    XL:     3   Next: 50%
Magic:  7/7        EV: 12    Int: 13    God:
Gold:   87         SH:  0    Dex: 13    Spells: 6/6 levels left

rFire   . . .      SeeInvis .   Y - +1 hand axe
rCold   . . .      Faith    .   (no shield)
rNeg    . . .      Spirit   .   b - +0 leather armour
rPois   .          Reflect  .   (helmet restricted)
rElec   .          Harm     .   j - +0 cloak
rCorr   .          Rampage  .   (no gloves)
Will    .....                   (boots unavailable)
Stlth   +.........              (no amulet)
HPRegen 0.07/turn               (no ring)
MPRegen 0.10/turn               (no ring)

@: no status effects
A: beak, talons 3
a: no special abilities


You were on level 2 of the Dungeon.
You visited 1 branch of the dungeon, and saw 2 of its levels.

You collected 87 gold pieces.


Innate Abilities, Weirdness & Mutations

You have a beak for a mouth.
You have claws for feet.


   Skills:
 - Level 2.0 Fighting
 + Level 4.2 Axes
 - Level 1.0 Throwing
 - Level 1.1 Armour
 - Level 2.1 Dodging
 - Level 2.0 Spellcasting
 - Level 2.4 Translocations


You had 6 spell levels left.
You didn't know any spells.
Your spell library contained the following spells:

 Spells                   Type           Power      Damage    Failure   Level
 Blink                    Tloc           14%        N/A       19%         2
 Gell's Gravitas          Tloc           7%         N/A       36%         3
 Lesser Beckoning         Tloc           7%         N/A       36%         3
 Teleport Other           Tloc           7%         N/A       36%         3
 Manifold Assault         Tloc           7%         N/A       98%         5

Inventory:

Hand Weapons
 f - a +0 mace of protection
 Y - a +1 hand axe (weapon)
Armour
 b - a +0 leather armour (worn)
 j - a +0 cloak (worn)
Scrolls
 a - 2 scrolls of identify {unknown}
Potions
 l - a potion of heal wounds {unknown}

Dungeon Overview and Level Annotations

Branches:
Dungeon (2/15)

Altars:

Annotations:
D:2 Terence


Message History

Enter note:
Enter note: You hit Terence but do no damage.
You claw Terence, but do no damage. You peck Terence.
Terence is lightly wounded.
Terence closely misses you.
You hit Terence but do no damage.
Terence is lightly wounded.
Terence hits you with a +0 flail of protection.
You barely miss Terence. You claw Terence. You peck Terence, but do no damage.
Terence is lightly wounded.
Terence barely misses you.
You barely miss Terence. Your kick misses Terence. Your peck misses Terence.
Terence is lightly wounded.
Terence barely misses you.
You barely miss Terence. Your kick misses Terence.
Terence is lightly wounded.
Terence closely misses you.
You barely miss Terence. You peck Terence, but do no damage.
Terence is lightly wounded.
Terence hits you with a +0 flail of protection.
Terence barely misses you.
You hit Terence. Your kick misses Terence.
Terence is moderately wounded.
Terence hits you but does no damage.
You hit Terence but do no damage. Your kick misses Terence.
Terence is moderately wounded.
Terence hits you with a +0 flail of protection.
You closely miss Terence.
Terence is moderately wounded.
Terence completely misses you.
You hit Terence. Your kick misses Terence.
Terence is severely wounded.
Terence asks, "Do you want it fast or slow?"
Terence hits you with a +0 flail of protection!
You hit Terence.
Terence is severely wounded.
Terence hits you with a +0 flail of protection!
Ouch! That really hurt!
You die...

..........
.........# #
#.......#
#.####.......####
.#.#......##.....##
..........#..###..#
# #.....##.##
##.### #
.####........#
#...###
.......@#..###
###..##
.......@#.## ##.##
........#.# +...
........#.# #...
........#.. #..#.
........##. #...##.
......... . #.## #.
......... #.. #.
... #.


You could see Terence.

Vanquished Creatures
  Robin (D:2)
  A worm (D:2)
  A bat (D:1)
  An endoplasm (D:1)
  2 giant cockroaches (D:1)
  7 goblins
  6 hobgoblins (D:2)
  3 ball pythons
  A kobold (D:1)
  A rat (D:1)
24 creatures vanquished.

Notes
Turn   | Place    | Note
-------+----------+-------------------------------------------
     0 | D:1      | qw the Tengu Warper began the quest for the Orb.
     0 | D:1      | Reached XP level 1. HP: 12/12 MP: 4/4
     0 | D:1      | 0 ||| qw: Version: 0.1-a-89-g26bdef1
     0 | D:1      | 0 ||| qw: Game counter: 3394
     0 | D:1      | 0 ||| qw: Always use a shield: true
     0 | D:1      | 0 ||| qw: God list: Okawaru
     0 | D:1      | 0 ||| qw: Allow faded altars: false
     0 | D:1      | 0 ||| qw: Do Orc after D:15 true
     0 | D:1      | 0 ||| qw: Do second Lair branch before Depths: true
     0 | D:1      | 0 ||| qw: Lair rune preference: random
     0 | D:1      | 0 ||| qw: Plans: Normal
     0 | D:1      | 0 ||| PLANNING D:1-11
   102 | D:1      | 102 ||| Stepping ~*~*~tactically~*~*~ (stealth).
   105 | D:1      | 105 ||| Stepping ~*~*~tactically~*~*~ (stealth).
   107 | D:1      | 107 ||| Stepping ~*~*~tactically~*~*~ (stealth).
   108 | D:1      | 108 ||| Stepping ~*~*~tactically~*~*~ (stealth).
   109 | D:1      | 109 ||| Stepping ~*~*~tactically~*~*~ (stealth).
   110 | D:1      | 110 ||| Stepping ~*~*~tactically~*~*~ (stealth).
   126 | D:1      | 126 ||| Stepping ~*~*~tactically~*~*~ (stealth).
   394 | D:1      | Reached XP level 2. HP: 17/17 MP: 6/6
   418 | D:1      | Reached skill level 3 in Axes
   860 | D:1      | 860 ||| UPGRADING to +0 cloak.
   865 | D:1      | 865 ||| READING scroll labelled GUMULL GEATHO.
   869 | D:1      | 869 ||| READING scroll labelled UHAOBUM EHOPYE.
   870 | D:1      | 870 ||| READING scroll labelled XEONGOO EFAPS.
   971 | D:1      | 971 ||| READING scroll labelled SUTOCL KIAZ.
   972 | D:1      | 972 ||| READING scroll labelled RUBLUSK GIZO.
   973 | D:1      | 973 ||| READING scroll labelled CUET QUDIXOR.
   974 | D:1      | 974 ||| DROPPING scroll of blinking.
  1048 | D:2      | 1048 ||| Stepping ~*~*~tactically~*~*~ (stealth).
  1212 | D:2      | Noticed Robin
  1213 | D:2      | 1213 ||| Stepping ~*~*~tactically~*~*~ (hiding).
  1214 | D:2      | 1214 ||| Stepping ~*~*~tactically~*~*~ (hiding).
  1222 | D:2      | Reached XP level 3. HP: 14/21 MP: 7/7
  1229 | D:2      | Killed Robin
  1230 | D:2      | Reached skill level 4 in Axes
  1401 | D:2      | Noticed Terence
  1416 | D:2      | HP: 1/21 [Terence/+0 flail of protection (7)]
  1417 | D:2      | Mangled by Terence

Levels and vault maps discovered:
D:1:      lightli_arrival_statue_moat, layout_basic, hex_large, st_stairs_14,
          minivault_14
D:2:      cheibrodos_greedy_goblins, layout_basic, basic_altar, uniq_terence,
          uniq_robin

Skill      XL: |  1  2  3 |
---------------+----------+-----
Axes           | 3 4 |  4.2
Fighting       | |  2.0
Throwing       | |  1.0
Armour         | |  1.1
Dodging        | |  2.1
Spellcasting   | |  2.0
Translocations | |  2.4

Action                   || total
-------------------------++-------
Melee: Hand axe          ||    55
       Kick              ||    14
       Peck              ||     8
       Punch             ||     1
Throw: Boomerang         ||     7
  Use: Scroll            ||     6
Armor: Leather armour    ||     7
Dodge: Dodged            ||    29

Table legend:
 A = Non-vault XP
 B = Vault XP
 C = Vault XP percentage of total XP
 D = Non-vault monster count
 E = Vault monster count
 F = Vault count percentage of total count
                 A         B        C        D         E       F
            +---------+---------+-------+---------+---------+-------
      Total |      24 |      34 |  58.6 |      12 |      12 |  50.0
            +---------+---------+-------+---------+---------+-------
        D:1 |      15 |       1 |   6.2 |       9 |       1 |  10.0
        D:2 |       9 |      33 |  78.6 |       3 |      11 |  78.6
            +---------+---------+-------+---------+---------+-------
